Map: [ESL] Dragon Scales

Players

SKillous

  • Race: Protoss Protoss
  • Spawn Location: 5:00

Scarlett - Winner!

  • Race: Zerg Zerg
  • Spawn Location: 11:00

Event: ESL SC2 Masters 2023 Summer (Finals)

VOD

Have the link to the VOD?

Description

Time

  • Played on: June 17, 2023, 8:50 a.m.
  • Length: 11:33

All games in this series

Show
View Real Time Build Order
Export as new Build Order

SKillous Protoss 

Build Orders: 1 Gate Expand, Oracle Opening, Zealot Archon 

Get SALT Encoding   

  12  0:00  Probe  
  13  0:12  Probe  
  14  0:19  Pylon  
  14  0:24  Probe  
  14  0:28  Assimilator  
  15  0:37  Probe (Chrono Boost)  
  16  0:43  Gateway  
  16  0:47  Probe (Chrono Boost)  
  17  0:52  Probe (Chrono Boost)  
  18  1:03  Probe  
  19  1:15  Probe  
  20  1:22  Nexus  
  20  1:32  Cybernetics Core  
  20  1:35  Probe  
  21  1:41  Assimilator  
  21  1:47  Probe  
  21  1:49  Pylon  
  22  1:59  Probe  
  23  2:05  Adept (Chrono Boost)  
  25  2:11  Probe (Chrono Boost)  
  25  2:12  Stargate  
  26  2:19  Warp Gate  
  27  2:23  Probe (Chrono Boost)  
  27  2:28  Adept  
  29  2:30  Probe (Chrono Boost)  
  29  2:34  Probe (Chrono Boost)  
  31  2:43  Probe (Chrono Boost)  
  31  2:44  Probe (Chrono Boost)  
  33  2:48  Probe (Chrono Boost)  
  33  2:51  Probe  
  35  2:56  Oracle (Chrono Boost)  
  38  3:00  Probe  
  38  3:01  Pylon  
  38  3:03  Probe  
  40  3:05  Adept  
  42  3:13  Probe  
  42  3:18  Probe, Gateway  
  44  3:25  Probe, Oracle (Chrono Boost)  
  48  3:30  Probe  
  49  3:35  Pylon  
  50  3:43  Probe (Chrono Boost)  
  50  3:44  Probe (Chrono Boost)  
  51  3:49  Nexus  
  52  3:59  Twilight Council  
  52  4:00  Probe x2 (Chrono Boost)  
  53  4:03  Forge  
  53  4:07  Probe (Chrono Boost)  
  53  4:08  Probe (Chrono Boost)  
  55  4:12  Assimilator  
  55  4:14  Assimilator  
  55  4:18  Robotics Facility  
  55  4:23  Probe x2 (Chrono Boost)  
  57  4:27  Pylon  
  57  4:30  Probe  
  58  4:31  Adept  
  58  4:33  Probe  
  58  4:35  Charge  
  58  4:37  Protoss Ground Weapons Level 1 (Chrono Boost)  
  61  4:43  Probe  
  62  4:45  Probe, Adept  
  59  4:55  Adept  
  59  4:56  Probe (Chrono Boost)  
  59  4:59  Gateway  
  61  5:00  Probe (Chrono Boost), Gateway  
  61  5:02  Probe (Chrono Boost)  
  62  5:07  Observer  
  62  5:12  Probe (Chrono Boost), Templar Archives  
  62  5:13  Probe (Chrono Boost)  
  62  5:14  Probe (Chrono Boost)  
  66  5:17  Probe (Chrono Boost), Shield Battery  
  66  5:19  Probe  
  68  5:27  Probe  
  68  5:28  Adept  
  70  5:29  Probe, Stalker  
  70  5:32  Pylon  
  70  5:33  Probe  
  74  5:39  Robotics Bay  
  74  5:40  Probe  
  74  5:41  Probe  
  76  5:45  Probe, Pylon  
  76  5:46  Assimilator  
  76  5:48  Assimilator  
  77  5:52  Probe  
  77  5:53  Probe  
  79  5:58  Probe  
  79  6:02  Warp Prism (Chrono Boost)  
  79  6:04  Probe  
  81  6:05  Probe, Gateway  
  81  6:06  Gateway  
  81  6:10  Probe  
  85  6:12  High Templar x2, Zealot  
  85  6:14  Zealot  
  85  6:16  Probe  
  94  6:18  Pylon, Archon  
  94  6:20  Protoss Ground Weapons Level 2 (Chrono Boost)  
  94  6:24  Probe  
  95  6:28  Disruptor (Chrono Boost)  
  98  6:37  Zealot x2  
  99  6:47  Pylon  
  99  6:48  Probe  
  99  6:51  Nexus  
  100  6:55  Pylon  
  100  6:56  Disruptor  
  100  6:59  Probe  
  104  7:06  High Templar x2, Zealot x4  
  112  7:10  Probe  
  112  7:15  Probe, Archon  
  114  7:17  Shield Battery  
  114  7:20  Gateway x2  
  114  7:21  Probe  
  114  7:22  Probe, Gateway  
  116  7:25  Photon Cannon  
  116  7:26  Gateway  
  116  7:27  Probe  
  117  7:32  Stalker x4  
  117  7:36  Disruptor  
  123  7:43  Zealot x2  
  124  7:47  Probe  
  124  7:51  Gateway  
  124  7:54  Gateway  
  124  7:55  Pylon  
  123  8:00  Photon Cannon, Shield Battery  
  123  8:01  Pylon  
  123  8:02  Blink (Chrono Boost), Stalker x3  
  125  8:08  Zealot x2  
  125  8:12  Shield Battery  
  129  8:15  Disruptor  
  129  8:16  Shield Battery  
  129  8:18  Zealot  
  134  8:26  Assimilator x2  
  134  8:27  High Templar x4  
  132  8:29  Gateway  
  132  8:31  Archon x2  
  132  8:32  Zealot x2  
  142  8:36  Probe  
  137  8:42  Protoss Ground Weapons Level 3 (Chrono Boost)  
  137  8:45  Forge  
  137  8:47  Stalker  
  137  8:48  Stalker  
  135  8:52  Probe  
  136  8:55  Stalker  
  136  8:56  Stalker x2  
  136  9:01  Stalker x2  
  136  9:02  Zealot x2  
  142  9:05  Probe  
  142  9:07  Probe  
  142  9:09  Probe  
  134  9:17  Probe  
  134  9:19  Stalker x3  
  133  9:27  Zealot x2, Photon Cannon  
  133  9:28  Zealot x2, Shield Battery  
  141  9:39  Disruptor, Pylon  
  141  9:42  Photon Cannon  
  141  9:43  Shield Battery  
  136  9:48  High Templar x2  
  136  9:49  Zealot x3  
  144  9:53  Archon  
  144  9:58  Stalker x3  
  150  10:04  Stalker  
  140  10:10  Stalker  
  140  10:14  Zealot x3  
  106  10:16  Probe x2  
  106  10:19  Probe x2  
  99  10:28  Probe x2 (Chrono Boost)  
  99  10:34  Gateway  
  97  10:36  Probe (Chrono Boost)  
  97  10:37  Probe (Chrono Boost)  
  97  10:40  Probe x2 (Chrono Boost), Pylon  
  97  10:42  High Templar x2  
  103  10:43  High Templar  
  103  10:45  High Templar  
  103  10:48  Probe (Chrono Boost)  
  103  10:49  Archon  
  107  10:54  High Templar  
  107  10:55  Zealot x2  
  107  10:56  High Templar  
  116  10:59  Archon  
  116  11:02  Probe x2  
  116  11:03  Probe, Archon  
  119  11:05  Shield Battery  
  119  11:08  Probe  
  120  11:14  Probe (Chrono Boost)  
  120  11:15  Zealot x4  
  124  11:21  Zealot x2  
Show
View Real Time Build Order
Export as new Build Order

Scarlett Zerg - Winner!

Build Orders: Hatch First 

Get SALT Encoding   

  12  0:00  Drone  
  13  0:12  Overlord  
  13  0:16  Drone  
  14  0:30  Drone x2  
  16  0:47  Hatchery  
  15  0:51  Drone  
  15  0:54  Drone  
  17  0:58  Drone  
  18  1:09  Extractor  
  17  1:13  Spawning Pool  
  17  1:16  Drone  
  17  1:19  Drone  
  18  1:28  Drone  
  19  1:38  Drone  
  20  1:50  Drone  
  21  2:00  Queen x2  
  21  2:01  Overlord, Zergling x2  
  26  2:12  Drone x2  
  26  2:14  Metabolic Boost  
  28  2:28  Drone  
  28  2:29  Drone  
  30  2:33  Zergling x2  
  30  2:35  Hatchery  
  30  2:42  Queen  
  32  2:44  Drone  
  32  2:47  Overlord  
  33  2:52  Drone x2  
  33  2:57  Drone  
  36  3:05  Queen  
  36  3:07  Drone  
  36  3:08  Drone x2  
  36  3:10  Drone  
  42  3:13  Drone  
  42  3:15  Overlord  
  42  3:18  Spore Crawler  
  42  3:24  Queen  
  44  3:28  Overlord  
  44  3:35  Drone  
  44  3:36  Drone x2  
  47  3:41  Drone x3  
  47  3:47  Overlord  
  47  3:48  Zergling x4  
  51  3:51  Spore Crawler  
  49  3:56  Drone  
  49  3:57  Drone x3  
  49  4:01  Zergling x2  
  54  4:05  Zergling x4  
  54  4:09  Evolution Chamber  
  55  4:12  Drone  
  55  4:14  Drone x3  
  59  4:18  Queen  
  59  4:21  Zergling x4  
  63  4:27  Drone x3  
  65  4:32  Drone  
  65  4:34  Zerg Melee Weapons Level 1  
  65  4:36  Drone x4  
  70  4:40  Overlord  
  69  4:48  Drone x5  
  72  4:55  Zergling x4  
  72  5:00  Hatchery  
  72  5:01  Lair  
  72  5:02  Drone x3  
  72  5:04  Spore Crawler  
  73  5:10  Drone x4  
  73  5:13  Extractor  
  76  5:14  Extractor  
  76  5:16  Zergling x12  
  76  5:19  Overlord  
  81  5:23  Roach Warren  
  81  5:27  Drone  
  81  5:28  Drone x3  
  82  5:30  Extractor  
  82  5:31  Extractor  
  82  5:35  Drone x2  
  82  5:36  Overlord x3  
  82  5:46  Baneling Nest  
  81  5:50  Drone x3  
  81  5:53  Overlord  
  83  5:58  Overlord x2  
  83  6:02  Drone  
  84  6:07  Drone x10  
  84  6:08  Glial Reconstitution  
  94  6:13  Drone x2  
  94  6:16  Roach  
  98  6:21  Roach x4  
  106  6:30  Drone x3  
  106  6:31  Centrifugal Hooks, Zerg Melee Weapons Level 2  
  107  6:38  Overlord x6  
  107  6:39  Roach x3  
  113  6:42  Overseer  
  113  6:47  Drone  
  113  6:49  Roach x2  
  113  6:51  Roach  
  113  6:53  Roach x2  
  124  6:54  Hatchery  
  124  6:55  Roach  
  124  6:57  Roach x2  
  124  7:01  Roach x3  
  135  7:05  Drone  
  135  7:06  Drone x2  
  135  7:07  Roach x2  
  139  7:14  Overlord  
  139  7:15  Roach x5  
  149  7:20  Roach x5  
  159  7:23  Roach  
  159  7:27  Overlord  
  161  7:34  Roach x8  
  177  7:44  Zergling x12  
  180  7:49  Zergling x12  
  179  7:57  Hatchery, Zergling x4  
  180  8:02  Zergling x10  
  185  8:10  Zergling x6  
  188  8:14  Hatchery, Zergling x4  
  188  8:15  Baneling x4  
  188  8:18  Zergling x10  
  194  8:21  Zergling x2  
  192  8:28  Zergling x10  
  192  8:33  Zergling x4  
  199  8:41  Baneling x13  
  199  8:48  Zergling x2  
  199  8:54  Zergling x12  
  199  8:59  Zergling x24  
  199  9:00  Zergling x2  
  179  9:04  Zergling x4  
  179  9:08  Roach x3  
  169  9:12  Zerg Missile Weapons Level 1  
  167  9:18  Zergling x18  
  167  9:23  Zergling x12  
  179  9:25  Baneling x7  
  179  9:28  Baneling x22  
  179  9:29  Zergling x14  
  186  9:41  Zergling x16  
  186  9:45  Zergling x12  
  196  9:48  Roach x2  
  199  10:06  Zergling x2  
  199  10:07  Zergling x28  
  197  10:12  Zergling x8  
  197  10:14  Zergling x4  
  170  10:19  Zergling x2  
  170  10:20  Zergling x6  
  145  10:32  Roach x4, Zergling x16  
  160  10:35  Infestation Pit  
  160  10:36  Zergling x6  
  160  10:40  Baneling x15  
  160  10:41  Zergling x14  
  169  10:48  Spore Crawler  
  166  10:51  Roach x6  
  166  10:54  Overlord  
  166  10:55  Roach x3  
  181  10:58  Roach x2  
  181  11:01  Roach x6  
  194  11:06  Roach x2  
  195  11:15  Zergling x2  
Tags
 
Add a new tag
Caveats
  • Supply blocks, unpowered buildings, or Contaminate may cause inaccurate times.
  • Supply counts are checked every 10 seconds.